 Dungeon Crawl Stone Soup version 0.25.0-11-g1f837a76a1 (webtiles) character file.

Game seed: 5478211674289925086

14990 Delamore the Basher (level 12, -2/80 HPs)
             Began as a Gargoyle Fighter on June 26, 2020.
             Was a Believer of Qazlal.
             Killed from afar by a starcursed mass (6 damage)
             ... with an accursed screaming
             ... on level 2 of the Abyss.
             The game lasted 00:26:05 (12709 turns).

Delamore the Basher (Gargoyle Fighter)             Turns: 12709, Time: 00:26:06

Health: -2/80      AC: 28    Str: 26    XL:     12   Next: 22%
Magic:  7/12       EV: 12    Int:  8    God:    Qazlal [**....]
Gold:   616        SH:  8    Dex:  9    Spells: 11/11 levels left

rFire    + . .     SeeInvis .   s - +1 whip (venom)
rCold    . . .     Gourm    .   N - +0 buckler
rNeg     + . .     Faith    .   R - +7 chain mail of Elyvilon's Indignation {rElec Stlth+}
rPois    ∞         Spirit   .   t - +0 helmet
rElec    +         Reflect  .   M - +0 cloak
rCorr    .         Harm     .   x - +0 pair of gloves
MR       .....                  (no boots)
Stlth    ..........             B - amulet "Moiday" {Acrobat +Inv}
HPRegen  0.23/turn              n - ring of protection from fire
MPRegen  0.13/turn              G - +4 ring of evasion

@: mighty, about to teleport, slightly contaminated, studying Long Blades
A: negative energy resistance 1, electricity resistance, unbreathing,
petrification resistance, rot immunity, AC +8
a: Upheaval, Renounce Religion, Evoke Invisibility


You were on level 2 of the Abyss.
You worshipped Qazlal.
Qazlal was pleased with you.
You were not hungry.

You visited 2 branches of the dungeon, and saw 12 of its levels.
You visited the Abyss 1 time.

You collected 711 gold pieces.
You spent 95 gold pieces at shops.

Inventory:

Hand Weapons
 a - a +0 flail
 s - a +1 whip of venom (weapon)
 H - a +4 mace
Missiles
 o - 56 poisoned darts (quivered)
 E - a throwing net
 O - 8 javelins
Armour
 c - a +0 kite shield
 t - a +0 helmet (worn)
 w - a +2 chain mail of magic resistance
 x - a +0 pair of gloves (worn)
 M - a +0 cloak (worn)
 N - a +0 buckler (worn)
 R - the +7 chain mail of Elyvilon's Indignation (worn) {rElec Stlth+}
   (You found it on level 10 of the Dungeon)

   It insulates you from electricity.
   It makes you more stealthy.
Jewellery
 n - a ring of protection from fire (left hand)
 B - the amulet "Moiday" (around neck) {Acrobat +Inv}
   (You found it on level 8 of the Dungeon)

   [amulet of the acrobat]

   It helps you evade while moving and waiting.
   It lets you turn invisible.
 G - a +4 ring of evasion (right hand)
 I - an uncursed ring of protection from cold {unknown}
 J - an uncursed amulet of reflection {unknown}
Wands
 A - a wand of acid (10)
 C - a wand of random effects (16)
 D - a wand of polymorph (6)
 L - a wand of disintegration (15)
 Q - a wand of flame (19)
Scrolls
 g - 4 scrolls of identify
 i - 7 scrolls of amnesia
 j - 2 scrolls of teleportation
 k - 3 scrolls of enchant armour
 m - 5 scrolls of magic mapping
 r - 2 scrolls of blinking
 v - 2 scrolls of remove curse
 y - 4 scrolls of immolation
 P - a scroll of enchant weapon
Potions
 d - 3 potions of might
 e - 3 potions of stabbing
 z - a potion of flight
Books
 K - a manual of Long Blades
Comestibles
 f - 29 rations
 F - 6 chunks of flesh


   Skills:
 - Level 11.6 Fighting
 + Level 13.5 Maces & Flails
 - Level 3.2 Armour
 + Level 10.6 Shields


You had 11 spell levels left.
You didn't know any spells.
Your spell library contained the following spells:

 Spells                   Type           Power        Failure   Level  Hunger
 Beastly Appendage        Tmut           #.....       95%         1    ##.....
 Foxfire                  Conj/Fire      #...         95%         1    ##.....
 Sticks to Snakes         Tmut           #.......     99%         2    ###....
 Conjure Flame            Conj/Fire      #.......     100%        3    ####...
 Spider Form              Tmut/Pois      #.........   100%        3    ####...
 Ice Form                 Ice/Tmut       #.......     100%        4    #####..
 Sticky Flame             Conj/Fire      #.......     100%        4    #####..
 Blade Hands              Tmut           #.........   100%        5    ######.
 Bolt of Magma            Conj/Fire/Erth #.........   100%        5    ######.


Dungeon Overview and Level Annotations

Branches:
Dungeon (11/15)            Temple (1/1) D:7            Lair (0/6) D:10
    Orc (0/2) D:10

Altars:
Ashenzari
Cheibriados
Dithmenos
Elyvilon
Fedhas
Gozag
Hepliaklqana
Kikubaaqudgha
Makhleb
Nemelex Xobeh
Okawaru
Qazlal
Ru
Sif Muna
Trog
Uskayaw
Vehumet
Wu Jian
Xom
Yredelemnul
Zin
The Shining One

Shops:
D:4 *

Annotations:
D:5 2 transporters, Cab's ghost, novice GnWr
D:7 3 runed translucent doors, dvd2's ghost, novice TeAE
D:11 Erolcha


Innate Abilities, Weirdness & Mutations

You are resistant to torment.
Your stone body is resilient. (AC +8)
You are immune to poison.
You resist negative energy. (rN+)
You are resistant to electric shocks. (rElec)
You can survive without breathing.
You are immune to petrification.
You are immune to rotting.


Message History

You hit the starcursed mass but do no damage.
The starcursed mass is heavily damaged.
You flicker back into view.
You hit the starcursed mass but do no damage.
The starcursed mass is heavily damaged.
The starcursed mass shrieks in your mind.
* * * LOW HITPOINT WARNING * * *
You whack the starcursed mass!
The starcursed mass is severely damaged.
You thrash the starcursed mass!!
You destroy the starcursed mass!
Qazlal accepts your kill.
As you read the scroll of teleportation, it crumbles to dust.
You feel strangely unstable.
You feel the power of the Abyss delaying your translocation!
Okay, then.
Okay, then.
You fail to use your ability.
The starcursed mass shrieks in your mind.
You die...

. . . #X X
# . #X #
## #.## X
. #. .##
## .#{ #.
hx X### #
.##§@# ...
. .#### .
# x. # .#
.. ? .. ##
..X . .
#..§§#..#.
. X## .# .
. # . # ##
#


You could see a starcursed mass.

Vanquished Creatures
  Harold (D:7)
  2 two-headed ogres
  8 death yaks (D:9)
  Psyche (D:9)
  Grinder (D:4)
  3 hippogriffs
  A starcursed mass (Abyss:2)
  9 yaks (D:9)
  Eustachio (D:6)
  7 sky beasts
  4 ice beasts
  3 black bears (D:7)
  4 phantoms
  2 necrophages (D:9)
  6 ogres
  5 centaurs
  2 big kobolds
  5 bullfrogs
  4 scorpions
  5 killer bees (D:9)
  3 howler monkeys
  5 wights
  2 vampire bats (D:5)
  3 crimson imps
  A bullfrog zombie (D:5)
  6 hounds
  2 orc priests
  9 orc wizards
  Jessica (D:2)
  A centaur skeleton (D:6)
  3 iguanas
  7 worker ants
  A hound zombie (D:6)
  A howler monkey zombie (D:9)
  A worker ant zombie (D:8)
  Robin (D:3)
  7 gnolls
  A howler monkey skeleton (D:6)
  9 adders
  3 shadow imps
  2 oozes
  An adder skeleton (D:4)
  7 worms
  4 dart slugs
  3 leopard geckos
  31 orcs
  A ball python (D:4)
  3 bat skeletons (D:5)
  3 bat zombies (D:5)
  2 giant cockroaches
  15 goblins
  6 hobgoblins
  20 jackals
  6 quokkas
  5 bats
  7 frilled lizards
  15 kobolds
  A leopard gecko skeleton (D:5)
  6 rats
279 creatures vanquished.

Vanquished Creatures (collateral kills)
  A large abomination (Abyss:2)
  A starcursed mass (Abyss:2)
2 creatures vanquished.

Vanquished Creatures (others)
  An orc wizard (D:9)
1 creature vanquished.

Grand Total: 282 creatures vanquished

Notes
Turn   | Place    | Note
-------+----------+-------------------------------------------
     0 | D:1      | Delamore the Gargoyle Fighter began the quest for the Orb.
     0 | D:1      | Reached XP level 1. HP: 14/14 MP: 1/1
    55 | D:1      | Reached XP level 2. HP: 18/19 MP: 2/2
   305 | D:1      | Reached XP level 3. HP: 24/24 MP: 3/3
   604 | D:2      | Found a snail-covered altar of Cheibriados.
   666 | D:2      | Reached skill level 3 in Maces & Flails
   718 | D:2      | Noticed Jessica
   721 | D:2      | Killed Jessica
   721 | D:2      | Reached XP level 4. HP: 28/30 MP: 4/4
   782 | D:2      | Found a glowing golden altar of the Shining One.
  1389 | D:2      | Found an opulent altar of Gozag.
  1538 | D:2      | Reached XP level 5. HP: 34/34 MP: 5/5
  1694 | D:3      | Noticed Robin
  1719 | D:3      | Reached skill level 5 in Fighting
  1728 | D:3      | Reached skill level 4 in Maces & Flails
  1739 | D:3      | Killed Robin
  1757 | D:3      | Found a sacrificial altar of Ru.
  2214 | D:3      | Reached XP level 6. HP: 32/40 MP: 6/6
  2400 | D:3      | Found a faded altar of an unknown god.
  2508 | D:3      | Found a blossoming altar of Fedhas.
  2510 | D:3      | Found an ornate altar of the Wu Jian Council.
  2880 | D:4      | Reached skill level 5 in Maces & Flails
  3060 | D:4      | Found Pomasm's Assorted Antiques.
  3074 | D:4      | Bought a glowing garnet amulet for 95 gold pieces
  3146 | D:4      | Noticed Grinder
  3149 | D:4      | Paralysed by Grinder for 7 turns
  3174 | D:4      | Killed Grinder
  3174 | D:4      | Reached XP level 7. HP: 24/47 MP: 7/7
  3409 | D:4      | Reached skill level 6 in Maces & Flails
  3898 | D:5      | Entered Level 5 of the Dungeon
  3920 | D:5      | Reached XP level 8. HP: 53/53 MP: 8/8
  4162 | D:5      | Noticed Cab's ghost (novice GnWr)
  4164 | D:5      | Found a transporter.
  4366 | D:5      | Reached skill level 7 in Maces & Flails
  4654 | D:5      | Found a transporter.
  4864 | D:5      | Found an ancient bone altar of Kikubaaqudgha.
  5146 | D:6      | Reached skill level 8 in Maces & Flails
  5289 | D:6      | Reached XP level 9. HP: 53/60 MP: 9/9
  5504 | D:6      | Noticed Eustachio
  5626 | D:6      | Killed Eustachio
  5988 | D:6      | Reached skill level 10 in Fighting
  6080 | D:7      | Reached skill level 9 in Maces & Flails
  6583 | D:7      | Noticed Harold
  6613 | D:7      | Killed Harold
  6613 | D:7      | Reached skill level 10 in Maces & Flails
  6613 | D:7      | Reached XP level 10. HP: 14/70 MP: 10/10
  7019 | D:7      | Found a staircase to the Ecumenical Temple.
  7053 | Temple   | Entered the Ecumenical Temple
  7255 | Temple   | Became a worshipper of Qazlal Stormbringer
  7451 | D:7      | Found a shimmering blue altar of Sif Muna.
  7788 | D:7      | Found a runed translucent gate.
  7788 | D:7      | Found a runed translucent gate.
  7788 | D:7      | Found a runed translucent gate.
  7789 | D:7      | Noticed dvd2's ghost (novice TeAE)
  7789 | D:7      | Identified the +9 short sword "Killer Bee's Foe" {venom,
                  | rC- rN+++ Str+9 Dex-3}
  8119 | D:8      | Got a transparent brass amulet
  8196 | D:8      | Identified the amulet "Moiday" {Acrobat +Inv} (You found it
                  | on level 8 of the Dungeon)
  8318 | D:8      | Noticed a two-headed ogre
  8351 | D:8      | Killed a two-headed ogre
  8623 | D:8      | Found an iron altar of Okawaru.
  8636 | D:8      | Reached skill level 11 in Maces & Flails
  8788 | D:8      | Reached skill level 5 in Shields
  9089 | D:8      | Found a burning altar of Makhleb.
  9175 | D:9      | Reached * piety under Qazlal
  9206 | D:9      | Noticed a two-headed ogre
  9222 | D:9      | Killed a two-headed ogre
  9272 | D:9      | Reached XP level 11. HP: 71/75 MP: 11/11
  9421 | D:9      | Found a white marble altar of Elyvilon.
  9730 | D:9      | Noticed Psyche
  9753 | D:9      | Killed Psyche
  9818 | D:9      | Reached skill level 12 in Maces & Flails
 10320 | D:9      | Reached ** piety under Qazlal
 10569 | D:10     | Entered Level 10 of the Dungeon
 10577 | D:10     | Found a staircase to the Lair.
 10577 | D:10     | Noticed a death yak
 10589 | D:10     | Noticed a death yak
 10594 | D:10     | Noticed a death yak
 10596 | D:10     | Noticed a death yak
 10599 | D:10     | Noticed a death yak
 10615 | D:9      | Killed a death yak
 10762 | D:10     | Noticed a death yak
 10762 | D:10     | Noticed a death yak
 10796 | D:9      | Killed a death yak
 10887 | D:9      | Killed a death yak
 10966 | D:9      | Killed a death yak
 11349 | D:10     | Noticed a death yak
 11392 | D:9      | Killed a death yak
 11457 | D:9      | Killed a death yak
 11457 | D:9      | Reached skill level 13 in Maces & Flails
 11736 | D:9      | Killed a death yak
 11763 | D:9      | Killed a death yak
 11763 | D:9      | Reached skill level 10 in Shields
 11763 | D:9      | Reached XP level 12. HP: 65/80 MP: 12/12
 11857 | D:10     | Found a staircase to the Orcish Mines.
 11992 | D:10     | Identified the Grimoire of Ashen Heat
 12353 | D:10     | Got a fine chain mail
 12424 | D:10     | Identified the +7 chain mail of Elyvilon's Indignation
                  | {rElec Stlth+} (You found it on level 10 of the Dungeon)
 12540 | D:11     | Noticed Erolcha
 12554 | D:11     | Cast into level 2 of the Abyss (Erolcha)
 12554 | Abyss:2  | Found a corrupted altar of Lugonu.
 12668 | Abyss:2  | HP: 2/80 [something (7)]
 12673 | Abyss:2  | Noticed a starcursed mass
 12676 | Abyss:2  | HP: 3/80 [starcursed mass/accursed screaming (4)]
 12705 | Abyss:2  | HP: 4/80 [starcursed mass/accursed screaming (8)]
 12709 | Abyss:2  | Killed from afar by a starcursed mass

Illustrated notes

Levels and vault maps discovered:
D:1:      lightli_arrival_boilingwater, layout_rooms
D:2:      layout_basic, kennysheep_slug_shrine, marbit_many_paths,
          nicolae_overflow_crystal_walls, serial_rivers,
          chequers_serial_rivers_micro_b, chequers_serial_rivers_micro_b,
          chequers_serial_rivers_micro_a, chequers_serial_rivers_room_b,
          uniq_jessica
D:3:      layout_basic, grunt_temple_overflow_open,
          chequers_ecumenical_altar_simple, st_stairs_8, uniq_robin
D:4:      layout_cave_pools, serial_shops, shop, roderic_serpentine_path,
          uniq_grinder
D:5:      layout_loops_ring, kennysheep_vampire_church, gammafunk_ghost_arena,
          first_ration
D:6:      layout_basic, minmay_puff, uniq_eustachio
D:7:      layout_rooms, led_sif_book, minmay_temple_entry_trees,
          gammafunk_ghost_nasty_kobolds, serial_glass, glass_columns_b,
          glass_columns_b, uniq_harold
D:8:      layout_loops_cross, lemuel_doored_altar, okawaru_ov_weapons_minmay
D:9:      layout_loops_corners, elyvilon_altar_5, uniq_psyche
D:10:     layout_cave_pools, dpeg_lair_monsters, orc_0_dummy,
          blue_anna_alchemist [blue_anna_fruit_fields, blue_anna_fruit_fields]
D:11:     layout_basic, trog_wizard, uniq_erolcha, uniq_maurice
Temple:   minmay_temple_curvy_loop
Abyss:2:  base:
D:14

Skill      XL: |  1  2  3  4  5  6  7  8  9 10 11 |
---------------+----------------------------------+-----
Fighting       | 4 5 6 7 9 11 | 11.6
Maces & Flails | 3 4 5 6 8 10 11 13 | 13.5
Shields        | 6 10 | 10.6
Armour         | |  3.2

Action                   |  1- 3 |  4- 6 |  7- 9 | 10-12 || total
-------------------------+-------+-------+-------+-------++-------
Melee: Flail             |    93 |    71 |       |       ||   164
       Whip              |       |   194 |   600 |   592 ||  1386
       Mace              |       |       |       |    85 ||    85
Throw: Dart              |       |       |     1 |    32 ||    33
Invok: Upheaval          |       |       |       |     1 ||     1
 Abil: Evoke Invisibilit |       |       |       |     3 ||     3
Evoke: Wand              |       |       |     1 |       ||     1
  Use: Scroll            |       |     3 |     7 |    17 ||    27
       Potion            |       |       |       |     8 ||     8
 Stab: Invisible         |       |       |       |     4 ||     4
  Eat: Chunk             |       |     8 |    11 |    18 ||    37
       Ration            |       |       |       |     1 ||     1
Armor: Scale mail        |    50 |    77 |       |       ||   127
       Chain mail        |       |    56 |   376 |   216 ||   648
Dodge: Dodged            |    35 |    70 |   129 |   197 ||   431
Block: Kite shield       |    56 |   131 |   288 |    65 ||   540
       Buckler           |       |       |       |   108 ||   108
